Saguenéens vs Knights

Created - 16 mars 2017 at 21:39

Goals
1 2 3 T
Saguenéens 3 1 3 7
Knights 0 2 1 3
Shots
1 2 3 T
Saguenéens 10 10 10 30
Knights 8 10 19 37

1st period

1. Saguenéens , Mason Raymond 34 (Tyler Kennedy) at 3:51
2. Saguenéens , Carl Hagelin 9 (Brett Lebda, Kevin Marshall) at 4:40
3. Saguenéens , Kevin Marshall 4 (Juraj Mikus, Mason Raymond) at 19:33 (PP)

Penalties :
Zack Hamill (Lon) for Holding (Minor) at 14:37, Philip Varone (Lon) for Holding (Minor) at 19:29

2nd period

4. Knights , Craig Adams 7 (Zack Hamill) at 4:30
5. Knights , Craig Adams 8 (Zack Hamill) at 9:02 (PP)
6. Saguenéens , Tyler Kennedy 50 (Kevin Marshall, Juraj Mikus) at 10:16

Penalties :
Brett Lebda (Chi) for Tripping (Minor) at 1:00, Rickard Rakell (Chi) for Diving (Minor) at 8:40, Jared Spurgeon (Lon) for Slashing (Minor) at 11:05, Tyler Kennedy (Chi) for Hooking (Minor) at 15:04

3rd period

7. Saguenéens , Mason Raymond 35 (Tyler Kennedy, Craig Cunningham) at 0:08
8. Saguenéens , Tyler Pitlick 10 (Spencer Machacek) at 0:36
9. Knights , Ronalds Kenins 8 (Joe Colborne) at 6:51
10. Saguenéens , Artemi Panarin 46 (Craig Cunningham, Spencer Machacek) at 17:54

Penalties :
Dalton Prout (Chi) for Holding (Minor) at 3:22, Carl Hagelin (Chi) for High sticking (Minor) at 9:04, Spencer Machacek (Chi) for Holding (Minor) at 15:16, Nikita Nikitin (Lon) for High sticking (Minor) at 18:13, Mason Raymond (Chi) for Charging (Double Minor) at 18:35

Goalie Stats

Mike Smith (Chi), 34 saves from 37 shots - (0,919), W, 30-20-3, 60:00 minutes
Ben Scrivens (Lon), 10 saves from 13 shots - (0,769), 29:44 minutes
Jeff Glass (Lon), 13 saves from 17 shots - (0,765), L, 13-15-0, 30:16 minutes

Players Stats for Saguenéens

Player Name              G  A  P  +/- PIM S  H  SB GA TA FO     MP     PP MP  PK MP  
------------------------------------------------------------------------------------
Artemi Panarin           1  0  1   1  0   4  0  0  0  0  2/2    18:33   1:34   3:49 
Brendan Ranford          0  0  0   0  0   0  0  0  0  0  0/0     0:00   0:00   0:00 
Brett Lebda              0  1  1   3  2   2  1  0  0  2  0/0    28:25   1:59   5:07 
Brody Sutter             0  0  0   1  0   0  0  0  0  0  0/0     7:13   0:00   0:00 
Carl Hagelin             1  0  1   1  2   1  0  0  0  0  0/0     7:14   0:00   0:00 
Craig Cunningham         0  2  2   1  0   0  0  0  0  0  7/15    8:41   0:24   0:23 
Dalton Prout             0  0  0   0  2   0  2  2  0  0  0/0    19:44   2:23   3:01 
Jerry D'Amigo            0  0  0   0  0   0  0  0  0  1  1/1     2:59   0:00   2:14 
Juraj Mikus              0  2  2   1  0   1  0  0  0  0  7/15   11:07   2:26   0:00 
Justin Florek            0  0  0   0  0   0  0  0  0  0  0/0     0:48   0:02   0:00 
Kevin Marshall           1  2  3   3  0   3  3  3  0  3  0/0    27:29   2:01   6:12 
Luke Witkowski           0  0  0   0  0   0  3  1  0  2  0/0    20:49   2:23   4:05 
Mason Raymond            2  1  3   1  4   6  1  1  0  4  2/3    24:02   2:47   5:58 
Nick Mattson             0  0  0   1  0   0  0  0  0  0  0/0    10:53   0:00   1:44 
Rhett Rakhshani          0  0  0   1  0   2  0  0  0  0  0/0     7:13   0:00   0:00 
Rickard Rakell           0  0  0   0  2   1  1  0  0  0  5/14   14:37   1:34   1:00 
Roman Josi               0  0  0   1  0   0  0  3  0  0  0/0     8:18   0:02   0:00 
Sam Carrick              0  0  0   1  0   0  0  0  0  0  1/3     8:52   0:00   0:27 
Spencer Machacek         0  2  2   1  2   3  1  0  1  0  2/3    16:04   1:34   1:48 
Teemu Pulkkinen          0  0  0   0  0   0  0  0  0  0  0/0     0:00   0:00   0:00 
Tim Kennedy              0  0  0   1  0   1  0  0  0  0  0/0     8:25   0:00   0:00 
Trevor Van Riemsdyk      0  0  0   0  0   0  0  1  0  1  0/0     4:20   0:00   0:25 
Tyler Kennedy            1  2  3   1  2   4  1  3  1  1  4/11   23:42   2:48   4:55 
Tyler Pitlick            1  0  1   1  0   2  0  0  0  0  0/0     8:44   0:02   0:00 

Players Stats for Knights

Player Name              G  A  P  +/- PIM S  H  SB GA TA FO     MP     PP MP  PK MP  
------------------------------------------------------------------------------------
A.J. Jenks               0  0  0   0  0   0  0  0  0  0  0/0     8:43   0:00   0:00 
Chris Thorburn           0  0  0   0  0   6  3  0  2  0  2/2    18:47   4:32   2:22 
Cody Almond              0  0  0   0  0   0  0  0  0  0  0/0     0:00   0:00   0:00 
Cody Bass                0  0  0   0  0   2  0  0  0  0  1/4     8:43   0:00   0:00 
Colton Gillies           0  0  0  -2  0   0  2  0  0  0  0/0     8:31   0:00   0:00 
Craig Adams              2  0  2  -2  0   5  1  1  2  0  1/5    24:16   5:45   2:22 
Jared Spurgeon           0  0  0  -1  2   4  1  0  1  0  0/0    20:04   4:15   1:03 
Jason Zucker             0  0  0   0  0   0  0  0  0  0  0/0     0:25   0:00   0:00 
Jimmy Hayes              0  0  0   0  0   2  2  0  0  0  1/1     8:43   0:00   0:00 
Joe Colborne             0  1  1   0  0   4  2  1  1  0  10/17  16:52   4:32   1:04 
Jonathan Huberdeau       0  0  0   0  0   0  0  0  0  0  0/0     1:01   0:00   0:58 
Josh Jooris              0  0  0   0  0   0  1  0  0  0  0/0     1:09   0:00   1:06 
Kevin Hayes              0  0  0   0  0   0  0  0  0  0  0/0     0:19   0:00   0:00 
Linden Vey               0  0  0  -2  0   0  0  0  0  0  0/0     8:31   0:00   0:00 
Michael Raffl            0  0  0  -2  0   2  1  0  2  0  1/1    21:09   5:45   0:00 
Michael Stone            0  0  0   0  0   0  0  0  0  0  0/0     4:20   0:00   0:17 
Nikita Nikitin           0  0  0  -1  2   1  0  3  1  0  0/0    24:59   6:02   1:56 
Patrick Wiercioch        0  0  0   0  0   1  0  0  0  0  0/0     4:00   0:00   0:00 
Philip Varone            0  0  0  -2  2   2  0  0  0  0  0/2     9:14   0:00   0:26 
Ronalds Kenins           1  0  1   0  0   2  0  1  0  1  1/3    15:28   4:32   0:00 
Scott Jackson            0  0  0  -2  0   0  0  0  0  0  0/0     9:30   0:00   0:00 
Scott Lehman             0  0  0  -1  0   0  2  0  0  0  0/0    21:08   4:15   2:06 
Tomas Kundratek          0  0  0  -1  0   1  0  1  1  1  0/0    25:58   6:02   2:18 
Zach Trotman             0  0  0  -2  0   1  0  0  0  0  0/0    10:02   0:00   1:08 
Zack Hamill              0  2  2  -2  2   4  0  0  4  0  19/32  22:16   5:45   0:30 

3 Stars

1 - Kevin Marshall (Chi)
2 - Mason Raymond (Chi)
3 - Tyler Kennedy (Chi)

Power Play

Saguenéens - 1 on 4 Attempt(s) - 25,00%
Knights - 1 on 8 Attempt(s) - 12,50%

Penalty Kill

Saguenéens - 7 on 8 Attempt(s) - 87,50% - Score 0 goal in Penalty Kill
Knights - 3 on 4 Attempt(s) - 75,00% - Score 0 goal in Penalty Kill

Team Stat

Saguenéens - Hits : 13 - Faceoff Wins : 31 - Blocked Shots : 14 - Penalty Minutes : 16
Knights - Hits : 15 - Faceoff Wins : 36 - Blocked Shots : 7 - Penalty Minutes : 8

Official

Referees : Furlatt Eric and Kimmerly Greg
Linesman : Brad Lazarowich and Mike Cvik

Game Notes

Ben Scrivens enters game at 10:16 of 2nd period
Juraj Mikus is injured at 13:07 of 2nd period (Sports Hernia)

Finance

Level 1 -- Attendance: 1475 (73,75%) -- Ticket Income 51 625 $
Level 2 -- Attendance: 741 (74,10%) -- Ticket Income 14 820 $
Total Attendance: 2216 (73,87%)
Total Ticket Income: 66 445 $
Other Income: 3 322 $
Total Income: 69 767 $

Saguenéens

5 vs 5 Forward 
   Center                   Left Wing                Right Wing               Time % Phy DF OF 
 1 Juraj Mikus              Mason Raymond            Tyler Kennedy            40     1   2  2  
 2 Rickard Rakell           Artemi Panarin           Spencer Machacek         30     1   2  2  
 3 Sam Carrick              Tim Kennedy              Tyler Pitlick            20     1   2  2  
 4 Brody Sutter             Carl Hagelin             Rhett Rakhshani          10     1   2  2  

5 vs 5 Defense 
   Defense                  Defense                                           Time % Phy DF OF 
 1 Brett Lebda              Kevin Marshall                                    40     1   2  2  
 2 Dalton Prout             Luke Witkowski                                    30     1   2  2  
 3 Roman Josi               Nick Mattson                                      20     1   2  2  
 4 Trevor Van Riemsdyk      Brett Lebda                                       10     1   2  2  

PowerPlay Forward 
   Center                   Left Wing                Right Wing               Time % Phy DF OF 
 1 Juraj Mikus              Mason Raymond            Tyler Kennedy            60     1   2  2  
 2 Rickard Rakell           Artemi Panarin           Spencer Machacek         40     1   2  2  

PowerPlay Defense
   Defense                  Defense                                           Time % Phy DF OF 
 1 Brett Lebda              Kevin Marshall                                    60     1   2  2  
 2 Dalton Prout             Luke Witkowski                                    40     1   2  2  

Penalty Kill 4 Players Forward 
   Center                   Wing                     Time % Phy DF OF 
 1 Tyler Kennedy            Mason Raymond            60     1   2  2  
 2 Artemi Panarin           Spencer Machacek         40     1   2  2  

Penalty Kill 4 Players Defense
   Defense                  Defense                  Time % Phy DF OF 
 1 Brett Lebda              Kevin Marshall           60     1   2  2  
 2 Dalton Prout             Luke Witkowski           40     1   2  2  

Penalty Kill - 3 Players Forward 
   Forward                                           Time % Phy DF OF 
 1 Tyler Kennedy                                     60     1   2  2  
 2 Mason Raymond                                     40     1   2  2  

Penalty Kill - 3 Players Defense
   Defense                  Defense                  Time % Phy DF OF 
 1 Brett Lebda              Kevin Marshall           60     1   2  2  
 2 Dalton Prout             Luke Witkowski           40     1   2  2  

4 vs 4 Forward 
   Center                   Wing                     Time % Phy DF OF 
 1 Tyler Kennedy            Mason Raymond            60     1   2  2  
 2 Artemi Panarin           Spencer Machacek         40     1   2  2  

4 vs 4 Defense
   Defense                  Defense                  Time % Phy DF OF 
 1 Brett Lebda              Kevin Marshall           60     1   2  2  
 2 Dalton Prout             Luke Witkowski           40     1   2  2  

Last Minutes Offensive
   Center                   Left Wing                Right Wing               Defense                  Defense                  
   Juraj Mikus              Mason Raymond            Tyler Kennedy            Brett Lebda              Kevin Marshall           

Last Minutes Defensive
   Center                   Left Wing                Right Wing               Defense                  Defense                  
   Juraj Mikus              Mason Raymond            Tyler Kennedy            Brett Lebda              Kevin Marshall           

Goaltenders
Starting : Mike Smith               
Backup : Martin Jones             

Extra Forwards
Normal : Craig Cunningham, Justin Florek, Jerry D'Amigo - PP : Craig Cunningham, Justin Florek - PK : Jerry D'Amigo
Extra Defensemen
Normal : Roman Josi, Nick Mattson, Trevor Van Riemsdyk - PP : Roman Josi - PK : Nick Mattson, Trevor Van Riemsdyk
Penalty Shots
Tyler Kennedy, Mason Raymond, Artemi Panarin, Spencer Machacek, Tyler Pitlick

Knights

5 vs 5 Forward 
   Center                   Left Wing                Right Wing               Time % Phy DF OF 
 1 Zack Hamill              Michael Raffl            Craig Adams              40     1   2  2  
 2 Joe Colborne             Ronalds Kenins           Chris Thorburn           30     1   2  2  
 3 Cody Bass                A.J. Jenks               Jimmy Hayes              20     1   2  2  
 4 Philip Varone            Colton Gillies           Linden Vey               10     1   2  2  

5 vs 5 Defense 
   Defense                  Defense                                           Time % Phy DF OF 
 1 Tomas Kundratek          Nikita Nikitin                                    40     1   2  2  
 2 Jared Spurgeon           Scott Lehman                                      30     1   2  2  
 3 Scott Jackson            Zach Trotman                                      20     1   2  2  
 4 Michael Stone            Patrick Wiercioch                                 10     1   2  2  

PowerPlay Forward 
   Center                   Left Wing                Right Wing               Time % Phy DF OF 
 1 Zack Hamill              Michael Raffl            Craig Adams              60     1   2  2  
 2 Joe Colborne             Ronalds Kenins           Chris Thorburn           40     1   2  2  

PowerPlay Defense
   Defense                  Defense                                           Time % Phy DF OF 
 1 Tomas Kundratek          Nikita Nikitin                                    60     1   2  2  
 2 Jared Spurgeon           Scott Lehman                                      40     1   2  2  

Penalty Kill 4 Players Forward 
   Center                   Wing                     Time % Phy DF OF 
 1 Craig Adams              Chris Thorburn           60     1   2  2  
 2 Zack Hamill              Joe Colborne             40     1   2  2  

Penalty Kill 4 Players Defense
   Defense                  Defense                  Time % Phy DF OF 
 1 Tomas Kundratek          Nikita Nikitin           60     1   2  2  
 2 Jared Spurgeon           Scott Lehman             40     1   2  2  

Penalty Kill - 3 Players Forward 
   Forward                                           Time % Phy DF OF 
 1 Craig Adams                                       60     1   2  2  
 2 Chris Thorburn                                    40     1   2  2  

Penalty Kill - 3 Players Defense
   Defense                  Defense                  Time % Phy DF OF 
 1 Tomas Kundratek          Nikita Nikitin           60     1   2  2  
 2 Jared Spurgeon           Scott Lehman             40     1   2  2  

4 vs 4 Forward 
   Center                   Wing                     Time % Phy DF OF 
 1 Craig Adams              Chris Thorburn           60     1   2  2  
 2 Zack Hamill              Joe Colborne             40     1   2  2  

4 vs 4 Defense
   Defense                  Defense                  Time % Phy DF OF 
 1 Tomas Kundratek          Nikita Nikitin           60     1   2  2  
 2 Jared Spurgeon           Scott Lehman             40     1   2  2  

Last Minutes Offensive
   Center                   Left Wing                Right Wing               Defense                  Defense                  
   Zack Hamill              Michael Raffl            Craig Adams              Tomas Kundratek          Nikita Nikitin           

Last Minutes Defensive
   Center                   Left Wing                Right Wing               Defense                  Defense                  
   Zack Hamill              Michael Raffl            Craig Adams              Tomas Kundratek          Nikita Nikitin           

Goaltenders
Starting : Jeff Glass               
Backup : Ben Scrivens             

Extra Forwards
Normal : Jason Zucker, Kevin Hayes, Josh Jooris - PP : Jason Zucker, Kevin Hayes - PK : Josh Jooris
Extra Defensemen
Normal : Scott Jackson, Zach Trotman, Michael Stone - PP : Scott Jackson - PK : Zach Trotman, Michael Stone
Penalty Shots
Craig Adams, Chris Thorburn, Zack Hamill, Joe Colborne, Michael Raffl

% Time on Ice - Saguenéens

Lines # - Real PCT - Wanted PCT - Time Play
Normal Forward
1 - 35% - 40% - 15:17
2 - 30% - 30% - 13:00
3 - 19% - 20% - 8:25
4 - 16% - 10% - 7:13
Normal Defense
1 - 42% - 40% - 18:29
2 - 31% - 30% - 13:44
3 - 18% - 20% - 8:05
4 - 8% - 10% - 3:37
PP Forward
1 - 64% - 60% - 2:48
2 - 36% - 40% - 1:36
PP Defense
1 - 46% - 60% - 2:01
2 - 54% - 40% - 2:23
PK Forward
1 - 76% - 60% - 7:46
2 - 24% - 40% - 2:31
PK Defense
1 - 60% - 60% - 6:12
2 - 40% - 40% - 4:05
PK3 Forward
1 - 0% - 60%
2 - 0% - 40%
PK3 Defense
1 - 0% - 60%
2 - 0% - 40%
44 Forward
1 - 100% - 60% - 1:24
2 - 0% - 40% - 0:00
44 Defense
1 - 56% - 60% - 0:47
2 - 44% - 40% - 0:37
Last Minute Offensive  - 0:00
Last Minute Defensive  - 0:00
Total
Forward - 60:00
Defense - 60:00

% Time on Ice - Knights

Lines # - Real PCT - Wanted PCT - Time Play
Normal Forward
1 - 36% - 40% - 15:45
2 - 25% - 30% - 10:56
3 - 20% - 20% - 8:43
4 - 19% - 10% - 8:31
Normal Defense
1 - 39% - 40% - 17:02
2 - 32% - 30% - 13:59
3 - 20% - 20% - 8:54
4 - 9% - 10% - 4:00
PP Forward
1 - 56% - 60% - 5:45
2 - 44% - 40% - 4:32
PP Defense
1 - 59% - 60% - 6:02
2 - 41% - 40% - 4:15
PK Forward
1 - 76% - 60% - 3:20
2 - 24% - 40% - 1:04
PK Defense
1 - 52% - 60% - 2:18
2 - 48% - 40% - 2:06
PK3 Forward
1 - 0% - 60%
2 - 0% - 40%
PK3 Defense
1 - 0% - 60%
2 - 0% - 40%
44 Forward
1 - 76% - 60% - 1:04
2 - 24% - 40% - 0:20
44 Defense
1 - 43% - 60% - 0:36
2 - 57% - 40% - 0:48
Last Minute Offensive  - 0:00
Last Minute Defensive  - 0:00
Total
Forward - 60:00
Defense - 60:00

Play by Play

1st period


0:01 of 1st period - Zack Hamill wins face-off versus Juraj Mikus in neutral zone.
0:04 of 1st period - Snap shot by Nikita Nikitin.
0:04 of 1st period - Shot Blocked by Tyler Kennedy.
0:08 of 1st period - Slapshot by Craig Adams.
0:08 of 1st period - Shot Misses the Net.
0:35 of 1st period - Snap shot by Artemi Panarin.
0:35 of 1st period - Stopped by Jeff Glass without a rebound.
0:36 of 1st period - Cody Bass wins face-off versus Sam Carrick in Knights zone.
1:09 of 1st period - Snap shot by Linden Vey.
1:09 of 1st period - Shot Misses the Net.
1:11 of 1st period - Slapshot by Scott Lehman.
1:11 of 1st period - Deflect By Linden Vey.
1:11 of 1st period - Shot Misses the Net.
1:11 of 1st period - Puck is out of play.
1:12 of 1st period - Zack Hamill wins face-off versus Juraj Mikus in Saguenéens zone.
1:13 of 1st period - Snap shot by Michael Raffl.
1:13 of 1st period - Shot Misses the Net.
1:21 of 1st period - Wrist shot by Mason Raymond.
1:21 of 1st period - Deflect By Tyler Kennedy.
1:21 of 1st period - Shot Misses the Net.
1:21 of 1st period - Puck is out of play.
1:22 of 1st period - Tyler Kennedy wins face-off versus Zack Hamill in Knights zone.
2:24 of 1st period - Snap shot by Mason Raymond.
2:24 of 1st period - Shot Misses the Net.
3:08 of 1st period - Roman Josi is hit by Michael Raffl and loses puck.
3:41 of 1st period - Snap shot by Mason Raymond.
3:41 of 1st period - Shot Misses the Net.
3:43 of 1st period - Snap shot by Tyler Kennedy.
3:43 of 1st period - Shot Misses the Net.
3:45 of 1st period - Snap shot by Tyler Kennedy.
3:45 of 1st period - Shot Misses the Net.
3:51 of 1st period - Wrist shot by Mason Raymond.
3:51 of 1st period - Goal by Mason Raymond - Saguenéens : 1 - Knights : 0.
3:52 of 1st period - Joe Colborne wins face-off versus Rickard Rakell in neutral zone.
4:40 of 1st period - Snap shot by Carl Hagelin.
4:40 of 1st period - Goal by Carl Hagelin - Saguenéens : 2 - Knights : 0.
4:41 of 1st period - Rickard Rakell wins face-off versus Joe Colborne in neutral zone.
5:08 of 1st period - Dalton Prout is hit by Jimmy Hayes and loses puck.
6:21 of 1st period - Wrist shot by Jimmy Hayes.
6:21 of 1st period - Stopped by Mike Smith without a rebound.
6:22 of 1st period - Joe Colborne wins face-off versus Rickard Rakell in Saguenéens zone.
6:25 of 1st period - Snap shot by Chris Thorburn.
6:25 of 1st period - Stopped by Mike Smith with a rebound.
7:27 of 1st period - Snap shot by Joe Colborne.
7:27 of 1st period - Stopped by Mike Smith without a rebound.
7:28 of 1st period - Joe Colborne wins face-off versus Rickard Rakell in Saguenéens zone.
8:32 of 1st period - Off-side.
8:33 of 1st period - Joe Colborne wins face-off versus Rickard Rakell in neutral zone.
8:48 of 1st period - Snap shot by Chris Thorburn.
8:48 of 1st period - Stopped by Mike Smith with a rebound.
9:00 of 1st period - Michael Raffl is hit by Kevin Marshall and loses puck.
9:48 of 1st period - Michael Stone is hit by Luke Witkowski and loses puck.
10:05 of 1st period - Brett Lebda is hit by Chris Thorburn and loses puck.
10:25 of 1st period - Brett Lebda is hit by Scott Lehman and loses puck.
10:46 of 1st period - Slapshot by Brett Lebda.
10:46 of 1st period - Stopped by Jeff Glass with a rebound.
11:14 of 1st period - Snap shot by Colton Gillies.
11:14 of 1st period - Shot Misses the Net.
11:16 of 1st period - Slapshot by Zach Trotman.
11:16 of 1st period - Shot Hit the Post.
11:18 of 1st period - Snap shot by Philip Varone.
11:18 of 1st period - Shot Hit the Post.
11:32 of 1st period - Slapshot by Chris Thorburn.
11:32 of 1st period - Stopped by Mike Smith with a rebound.
11:34 of 1st period - Wrist shot by Chris Thorburn.
11:34 of 1st period - Deflect By Joe Colborne.
11:34 of 1st period - Stopped by Mike Smith without a rebound.
11:35 of 1st period - Joe Colborne wins face-off versus Rickard Rakell in Saguenéens zone.
11:48 of 1st period - Snap shot by Spencer Machacek.
11:48 of 1st period - Stopped by Jeff Glass without a rebound.
11:49 of 1st period - Zack Hamill wins face-off versus Juraj Mikus in Knights zone.
11:54 of 1st period - Snap shot by Michael Raffl.
11:54 of 1st period - Stopped by Mike Smith with a rebound.
12:41 of 1st period - Snap shot by Cody Bass.
12:41 of 1st period - Stopped by Mike Smith with a rebound.
12:43 of 1st period - Wrist shot by Jimmy Hayes.
12:43 of 1st period - Shot Misses the Net.
13:42 of 1st period - Snap shot by Spencer Machacek.
13:42 of 1st period - Shot Blocked by Joe Colborne.
14:02 of 1st period - Snap shot by Tim Kennedy.
14:02 of 1st period - Shot Misses the Net.
14:28 of 1st period - Wrist shot by Colton Gillies.
14:28 of 1st period - Shot Blocked by Trevor Van Riemsdyk.
14:37 of 1st period - Minor Penalty to Zack Hamill for Holding.
14:38 of 1st period - Craig Adams wins face-off versus Juraj Mikus in Knights zone.
15:13 of 1st period - Nikita Nikitin is hit by Luke Witkowski and loses puck.
15:46 of 1st period - Wrist shot by Tyler Kennedy.
15:46 of 1st period - Shot Misses the Net.
16:02 of 1st period - Snap shot by Spencer Machacek.
16:02 of 1st period - Stopped by Jeff Glass with a rebound.
16:37 of 1st period - Penalty to Zack Hamill is over, Zack Hamill is back on ice.
19:09 of 1st period - Off-side.
19:10 of 1st period - Juraj Mikus wins face-off versus Philip Varone in neutral zone.
19:29 of 1st period - Minor Penalty to Philip Varone for Holding.
19:30 of 1st period - Mason Raymond wins face-off versus Craig Adams in Knights zone.
19:31 of 1st period - Snap shot by Juraj Mikus.
19:31 of 1st period - Shot Misses the Net.
19:33 of 1st period - Slapshot by Kevin Marshall.
19:33 of 1st period - Deflect By Craig Adams.
19:33 of 1st period - Goal by Kevin Marshall - Saguenéens : 3 - Knights : 0.
19:34 of 1st period - Mason Raymond wins face-off versus Zack Hamill in neutral zone.
19:39 of 1st period - Snap shot by Tyler Kennedy.
19:39 of 1st period - Stopped by Jeff Glass with a rebound.
19:41 of 1st period - Slapshot by Brett Lebda.
19:41 of 1st period - Stopped by Jeff Glass with a rebound.
19:43 of 1st period - Snap shot by Kevin Marshall.
19:43 of 1st period - Shot Blocked by Craig Adams.
19:47 of 1st period - Backhand shot by Mason Raymond.
19:47 of 1st period - Deflect By Tyler Kennedy.
19:47 of 1st period - Shot Misses the Net.
19:47 of 1st period - Puck is out of play.
19:48 of 1st period - Rickard Rakell wins face-off versus Joe Colborne in Knights zone.
19:57 of 1st period - Snap shot by Artemi Panarin.
19:57 of 1st period - Stopped by Jeff Glass with a rebound.
19:59 of 1st period - Snap shot by Artemi Panarin.
19:59 of 1st period - Shot Blocked by Tomas Kundratek.
Goals for this period are 3 for Saguenéens vs 0 for Knights.
Shots for this period are 10 for Saguenéens vs 8 for Knights.

2nd period


0:01 of 2nd period - Juraj Mikus wins face-off versus Zack Hamill in neutral zone.
0:04 of 2nd period - Wrist shot by Tyler Kennedy.
0:04 of 2nd period - Shot Misses the Net.
0:14 of 2nd period - Snap shot by Juraj Mikus.
0:14 of 2nd period - Stopped by Jeff Glass with a rebound.
0:16 of 2nd period - Snap shot by Kevin Marshall.
0:16 of 2nd period - Stopped by Jeff Glass without a rebound.
0:17 of 2nd period - Rickard Rakell wins face-off versus Joe Colborne in Knights zone.
1:00 of 2nd period - Minor Penalty to Brett Lebda for Tripping.
1:01 of 2nd period - Zack Hamill wins face-off versus Tyler Kennedy in Saguenéens zone.
1:06 of 2nd period - Wrist shot by Zack Hamill.
1:06 of 2nd period - Shot Blocked by Dalton Prout.
1:12 of 2nd period - Snap shot by Craig Adams.
1:12 of 2nd period - Shot Blocked by Mason Raymond.
1:14 of 2nd period - Slapshot by Nikita Nikitin.
1:14 of 2nd period - Shot Blocked by Tyler Kennedy.
1:16 of 2nd period - Wrist shot by Michael Raffl.
1:16 of 2nd period - Shot Misses the Net.
3:00 of 2nd period - Penalty to Brett Lebda is over, Brett Lebda is back on ice.
3:25 of 2nd period - Backhand shot by Jimmy Hayes.
3:25 of 2nd period - Shot Misses the Net.
3:31 of 2nd period - A.J. Jenks is hit by Dalton Prout and loses puck.
3:52 of 2nd period - Slapshot by Philip Varone.
3:52 of 2nd period - Stopped by Mike Smith without a rebound.
3:53 of 2nd period - Spencer Machacek wins face-off versus Philip Varone in Saguenéens zone.
3:53 of 2nd period - Spencer Machacek is hit by Scott Lehman.
4:11 of 2nd period - Spencer Machacek is hit by Jared Spurgeon and loses puck.
4:22 of 2nd period - Wrist shot by Linden Vey.
4:22 of 2nd period - Shot Misses the Net.
4:24 of 2nd period - Snap shot by Zach Trotman.
4:24 of 2nd period - Shot Misses the Net.
4:26 of 2nd period - Snap shot by Zach Trotman.
4:26 of 2nd period - Stopped by Mike Smith without a rebound.
4:27 of 2nd period - Zack Hamill wins face-off versus Juraj Mikus in Saguenéens zone.
4:30 of 2nd period - Snap shot by Craig Adams.
4:30 of 2nd period - Goal by Craig Adams - Saguenéens : 3 - Knights : 1.
4:31 of 2nd period - Juraj Mikus wins face-off versus Zack Hamill in neutral zone.
4:44 of 2nd period - Snap shot by Mason Raymond.
4:44 of 2nd period - Stopped by Jeff Glass with a rebound.
4:47 of 2nd period - Icing by Scott Lehman.
4:48 of 2nd period - Zack Hamill wins face-off versus Spencer Machacek in Knights zone.
5:56 of 2nd period - Off-side.
5:57 of 2nd period - Juraj Mikus wins face-off versus Joe Colborne in neutral zone.
6:04 of 2nd period - Snap shot by Mason Raymond.
6:04 of 2nd period - Stopped by Jeff Glass with a rebound.
6:08 of 2nd period - Slapshot by Mason Raymond.
6:08 of 2nd period - Shot Misses the Net.
6:10 of 2nd period - Snap shot by Mason Raymond.
6:10 of 2nd period - Stopped by Jeff Glass with a rebound.
6:12 of 2nd period - Snap shot by Juraj Mikus.
6:12 of 2nd period - Shot Blocked by Nikita Nikitin.
6:24 of 2nd period - Dalton Prout is hit by Jimmy Hayes and loses puck.
6:53 of 2nd period - Wrist shot by Rhett Rakhshani.
6:53 of 2nd period - Shot Misses the Net.
7:13 of 2nd period - Rhett Rakhshani is hit by Colton Gillies and loses puck.
7:42 of 2nd period - Snap shot by Rhett Rakhshani.
7:42 of 2nd period - Stopped by Jeff Glass with a rebound.
7:56 of 2nd period - Wrist shot by Philip Varone.
7:56 of 2nd period - Deflect By Colton Gillies.
7:56 of 2nd period - Shot Misses the Net.
7:56 of 2nd period - Puck is out of play.
7:57 of 2nd period - Joe Colborne wins face-off versus Juraj Mikus in Saguenéens zone.
8:06 of 2nd period - Snap shot by Chris Thorburn.
8:06 of 2nd period - Shot Misses the Net.
8:26 of 2nd period - Snap shot by Craig Adams.
8:26 of 2nd period - Shot Misses the Net.
8:28 of 2nd period - Wrist shot by Michael Raffl.
8:28 of 2nd period - Shot Misses the Net.
8:40 of 2nd period - Minor Penalty to Rickard Rakell for Diving.
8:41 of 2nd period - Zack Hamill wins face-off versus Tyler Kennedy in Saguenéens zone.
8:50 of 2nd period - Snap shot by Zack Hamill.
8:50 of 2nd period - Deflect By Craig Adams.
8:50 of 2nd period - Shot Misses the Net.
8:50 of 2nd period - Puck is out of play.
8:51 of 2nd period - Zack Hamill wins face-off versus Tyler Kennedy in Saguenéens zone.
8:58 of 2nd period - Slapshot by Craig Adams.
8:58 of 2nd period - Stopped by Mike Smith without a rebound.
8:59 of 2nd period - Zack Hamill wins face-off versus Tyler Kennedy in Saguenéens zone.
9:02 of 2nd period - Snap shot by Craig Adams.
9:02 of 2nd period - Goal by Craig Adams - Saguenéens : 3 - Knights : 2.
9:03 of 2nd period - Chris Thorburn wins face-off versus Juraj Mikus in neutral zone.
9:09 of 2nd period - Brett Lebda is hit by Joe Colborne.
9:43 of 2nd period - Nikita Nikitin is hit by Rickard Rakell and loses puck.
9:54 of 2nd period - Nikita Nikitin is hit by Dalton Prout.
9:58 of 2nd period - Snap shot by Craig Adams.
9:58 of 2nd period - Stopped by Mike Smith with a rebound.
10:00 of 2nd period - Wrist shot by Jared Spurgeon.
10:00 of 2nd period - Deflect By Rhett Rakhshani.
10:00 of 2nd period - Stopped by Mike Smith with a rebound.
10:02 of 2nd period - Snap shot by Michael Raffl.
10:02 of 2nd period - Stopped by Mike Smith without a rebound.
10:03 of 2nd period - Juraj Mikus wins face-off versus Joe Colborne in Saguenéens zone.
10:12 of 2nd period - Snap shot by Tyler Kennedy.
10:12 of 2nd period - Shot Blocked by Ronalds Kenins.
10:14 of 2nd period - Slapshot by Kevin Marshall.
10:14 of 2nd period - Shot Misses the Net.
10:16 of 2nd period - Slapshot by Kevin Marshall.
10:16 of 2nd period - Deflect By Tyler Kennedy.
10:16 of 2nd period - Goal by Tyler Kennedy - Saguenéens : 4 - Knights : 2.
10:16 of 2nd period - Ben Scrivens enters game.
10:17 of 2nd period - Juraj Mikus wins face-off versus Zack Hamill in neutral zone.
10:24 of 2nd period - Slapshot by Mason Raymond.
10:24 of 2nd period - Stopped by Ben Scrivens without a rebound.
10:25 of 2nd period - Zack Hamill wins face-off versus Juraj Mikus in Knights zone.
10:25 of 2nd period - Zack Hamill is hit by Mason Raymond.
10:41 of 2nd period - Wrist shot by Zack Hamill.
10:41 of 2nd period - Stopped by Mike Smith with a rebound.
10:43 of 2nd period - Snap shot by Zack Hamill.
10:43 of 2nd period - Stopped by Mike Smith without a rebound.
10:44 of 2nd period - Chris Thorburn wins face-off versus Rickard Rakell in Saguenéens zone.
10:49 of 2nd period - Wrist shot by Joe Colborne.
10:49 of 2nd period - Shot Misses the Net.
11:05 of 2nd period - Minor Penalty to Jared Spurgeon for Slashing.
11:06 of 2nd period - Juraj Mikus wins face-off versus Craig Adams in Knights zone.
11:15 of 2nd period - Backhand shot by Tyler Kennedy.
11:15 of 2nd period - Shot Misses the Net.
13:05 of 2nd period - Penalty to Jared Spurgeon is over, Jared Spurgeon is back on ice.
13:06 of 2nd period - Juraj Mikus is hit by Josh Jooris.
13:07 of 2nd period - Juraj Mikus from Saguenéens is injured at 13:07 of 2nd period (Sports Hernia).
13:08 of 2nd period - Zack Hamill wins face-off versus Mason Raymond in Saguenéens zone.
14:13 of 2nd period - Slapshot by Linden Vey.
14:13 of 2nd period - Shot Blocked by Tyler Kennedy.
14:19 of 2nd period - Colton Gillies is hit by Kevin Marshall and loses puck.
14:34 of 2nd period - Wrist shot by Carl Hagelin.
14:34 of 2nd period - Shot Misses the Net.
14:36 of 2nd period - Snap shot by Rhett Rakhshani.
14:36 of 2nd period - Shot Misses the Net.
14:50 of 2nd period - Dalton Prout is hit by Joe Colborne and loses puck.
15:01 of 2nd period - Snap shot by Chris Thorburn.
15:01 of 2nd period - Deflect By Joe Colborne.
15:01 of 2nd period - Shot Misses the Net.
15:01 of 2nd period - Puck is out of play.
15:02 of 2nd period - Craig Cunningham wins face-off versus Cody Bass in Saguenéens zone.
15:04 of 2nd period - Minor Penalty to Tyler Kennedy for Hooking.
15:05 of 2nd period - Jerry D'Amigo wins face-off versus Zack Hamill in Saguenéens zone.
16:50 of 2nd period - Sam Carrick is hit by Chris Thorburn and loses puck.
17:04 of 2nd period - Penalty to Tyler Kennedy is over, Tyler Kennedy is back on ice.
17:07 of 2nd period - Slapshot by Jared Spurgeon.
17:07 of 2nd period - Shot Misses the Net.
17:13 of 2nd period - Snap shot by Kevin Marshall.
17:13 of 2nd period - Stopped by Ben Scrivens without a rebound.
17:14 of 2nd period - Jimmy Hayes wins face-off versus Sam Carrick in Knights zone.
17:46 of 2nd period - Off-side.
17:47 of 2nd period - Michael Raffl wins face-off versus Craig Cunningham in neutral zone.
18:38 of 2nd period - Spencer Machacek is hit by Colton Gillies.
18:47 of 2nd period - Jared Spurgeon is hit by Kevin Marshall and loses puck.
19:18 of 2nd period - Wrist shot by Artemi Panarin.
19:18 of 2nd period - Stopped by Ben Scrivens without a rebound.
19:19 of 2nd period - Zack Hamill wins face-off versus Craig Cunningham in Knights zone.
19:23 of 2nd period - Off-side.
19:24 of 2nd period - Craig Cunningham wins face-off versus Zack Hamill in neutral zone.
19:35 of 2nd period - Zack Hamill is hit by Tyler Kennedy and loses puck.
Goals for this period are 1 for Saguenéens vs 2 for Knights.
Shots for this period are 10 for Saguenéens vs 10 for Knights.

3rd period


0:01 of 3rd period - Craig Cunningham wins face-off versus Zack Hamill in neutral zone.
0:06 of 3rd period - Snap shot by Mason Raymond.
0:06 of 3rd period - Shot Misses the Net.
0:08 of 3rd period - Wrist shot by Mason Raymond.
0:08 of 3rd period - Goal by Mason Raymond - Saguenéens : 5 - Knights : 2.
0:09 of 3rd period - Zack Hamill wins face-off versus Craig Cunningham in neutral zone.
0:16 of 3rd period - Snap shot by Craig Adams.
0:16 of 3rd period - Shot Blocked by Kevin Marshall.
0:36 of 3rd period - Wrist shot by Tyler Pitlick.
0:36 of 3rd period - Goal by Tyler Pitlick - Saguenéens : 6 - Knights : 2.
0:37 of 3rd period - Joe Colborne wins face-off versus Craig Cunningham in neutral zone.
0:48 of 3rd period - Nikita Nikitin is hit by Brett Lebda and loses puck.
1:07 of 3rd period - Nikita Nikitin is hit by Spencer Machacek and loses puck.
1:59 of 3rd period - Slapshot by Colton Gillies.
1:59 of 3rd period - Shot Blocked by Kevin Marshall.
2:13 of 3rd period - Snap shot by Rhett Rakhshani.
2:13 of 3rd period - Stopped by Ben Scrivens with a rebound.
2:15 of 3rd period - Snap shot by Mason Raymond.
2:15 of 3rd period - Deflect By Tyler Kennedy.
2:15 of 3rd period - Stopped by Ben Scrivens without a rebound.
2:16 of 3rd period - Zack Hamill wins face-off versus Craig Cunningham in Knights zone.
2:54 of 3rd period - Snap shot by Craig Adams.
2:54 of 3rd period - Shot Blocked by Roman Josi.
2:56 of 3rd period - Slapshot by Nikita Nikitin.
2:56 of 3rd period - Shot Misses the Net.
2:58 of 3rd period - Snap shot by Michael Raffl.
2:58 of 3rd period - Shot Blocked by Roman Josi.
3:00 of 3rd period - Slapshot by Nikita Nikitin.
3:00 of 3rd period - Shot Blocked by Roman Josi.
3:02 of 3rd period - Slapshot by Tomas Kundratek.
3:02 of 3rd period - Stopped by Mike Smith with a rebound.
3:10 of 3rd period - Wrist shot by Craig Adams.
3:10 of 3rd period - Stopped by Mike Smith with a rebound.
3:12 of 3rd period - Snap shot by Zack Hamill.
3:12 of 3rd period - Stopped by Mike Smith without a rebound.
3:13 of 3rd period - Joe Colborne wins face-off versus Rickard Rakell in Saguenéens zone.
3:14 of 3rd period - Snap shot by Ronalds Kenins.
3:14 of 3rd period - Stopped by Mike Smith without a rebound.
3:15 of 3rd period - Ronalds Kenins wins face-off versus Rickard Rakell in Saguenéens zone.
3:20 of 3rd period - Snap shot by Chris Thorburn.
3:20 of 3rd period - Stopped by Mike Smith with a rebound.
3:22 of 3rd period - Minor Penalty to Dalton Prout for Holding.
3:23 of 3rd period - Tyler Kennedy wins face-off versus Zack Hamill in Saguenéens zone.
3:23 of 3rd period - Tyler Kennedy is hit by Craig Adams.
3:33 of 3rd period - Slapshot by Mason Raymond.
3:33 of 3rd period - Shot Misses the Net.
3:54 of 3rd period - Off-side.
3:55 of 3rd period - Spencer Machacek wins face-off versus Zack Hamill in neutral zone.
4:10 of 3rd period - Slapshot by Jared Spurgeon.
4:10 of 3rd period - Shot Blocked by Luke Witkowski.
4:20 of 3rd period - Mason Raymond is hit by Chris Thorburn and loses puck.
5:22 of 3rd period - Penalty to Dalton Prout is over, Dalton Prout is back on ice.
5:30 of 3rd period - Wrist shot by Tyler Pitlick.
5:30 of 3rd period - Stopped by Ben Scrivens without a rebound.
5:31 of 3rd period - Sam Carrick wins face-off versus Cody Bass in Knights zone.
5:32 of 3rd period - Wrist shot by Tim Kennedy.
5:32 of 3rd period - Stopped by Ben Scrivens without a rebound.
5:33 of 3rd period - Rickard Rakell wins face-off versus Cody Bass in Knights zone.
5:36 of 3rd period - Slapshot by Spencer Machacek.
5:36 of 3rd period - Shot Blocked by Nikita Nikitin.
5:42 of 3rd period - Snap shot by Cody Bass.
5:42 of 3rd period - Stopped by Mike Smith with a rebound.
5:44 of 3rd period - Wrist shot by Jimmy Hayes.
5:44 of 3rd period - Stopped by Mike Smith with a rebound.
5:46 of 3rd period - Slapshot by Nikita Nikitin.
5:46 of 3rd period - Stopped by Mike Smith without a rebound.
5:47 of 3rd period - Joe Colborne wins face-off versus Craig Cunningham in Saguenéens zone.
6:18 of 3rd period - Off-side.
6:19 of 3rd period - Zack Hamill wins face-off versus Craig Cunningham in neutral zone.
6:41 of 3rd period - Icing by Kevin Marshall.
6:42 of 3rd period - Joe Colborne wins face-off versus Craig Cunningham in Saguenéens zone.
6:43 of 3rd period - Slapshot by Chris Thorburn.
6:43 of 3rd period - Stopped by Mike Smith with a rebound.
6:45 of 3rd period - Wrist shot by Chris Thorburn.
6:45 of 3rd period - Stopped by Mike Smith without a rebound.
6:46 of 3rd period - Craig Cunningham wins face-off versus Ronalds Kenins in Saguenéens zone.
6:51 of 3rd period - Snap shot by Ronalds Kenins.
6:51 of 3rd period - Goal by Ronalds Kenins - Saguenéens : 6 - Knights : 3.
6:52 of 3rd period - Craig Cunningham wins face-off versus Zack Hamill in neutral zone.
8:01 of 3rd period - Scott Lehman is hit by Luke Witkowski and loses puck.
9:04 of 3rd period - Minor Penalty to Carl Hagelin for High sticking.
9:05 of 3rd period - Zack Hamill wins face-off versus Tyler Kennedy in Saguenéens zone.
9:43 of 3rd period - Snap shot by Joe Colborne.
9:43 of 3rd period - Stopped by Mike Smith without a rebound.
9:44 of 3rd period - Zack Hamill wins face-off versus Tyler Kennedy in Saguenéens zone.
10:19 of 3rd period - Snap shot by Joe Colborne.
10:19 of 3rd period - Stopped by Mike Smith without a rebound.
10:20 of 3rd period - Artemi Panarin wins face-off versus Ronalds Kenins in Saguenéens zone.
11:04 of 3rd period - Penalty to Carl Hagelin is over, Carl Hagelin is back on ice.
11:48 of 3rd period - Snap shot by Philip Varone.
11:48 of 3rd period - Stopped by Mike Smith without a rebound.
11:49 of 3rd period - Zack Hamill wins face-off versus Rickard Rakell in Saguenéens zone.
11:50 of 3rd period - Slapshot by Craig Adams.
11:50 of 3rd period - Shot Blocked by Kevin Marshall.
13:15 of 3rd period - Snap shot by Tomas Kundratek.
13:15 of 3rd period - Shot Misses the Net.
14:34 of 3rd period - Snap shot by Zack Hamill.
14:34 of 3rd period - Stopped by Mike Smith with a rebound.
14:36 of 3rd period - Snap shot by Michael Raffl.
14:36 of 3rd period - Shot Misses the Net.
14:38 of 3rd period - Snap shot by Zack Hamill.
14:38 of 3rd period - Shot Blocked by Dalton Prout.
14:40 of 3rd period - Slapshot by Patrick Wiercioch.
14:40 of 3rd period - Stopped by Mike Smith with a rebound.
14:52 of 3rd period - Wrist shot by Spencer Machacek.
14:52 of 3rd period - Stopped by Ben Scrivens with a rebound.
14:54 of 3rd period - Snap shot by Rickard Rakell.
14:54 of 3rd period - Stopped by Ben Scrivens without a rebound.
14:55 of 3rd period - Rickard Rakell wins face-off versus Joe Colborne in Knights zone.
14:56 of 3rd period - Slapshot by Artemi Panarin.
14:56 of 3rd period - Shot Blocked by Nikita Nikitin.
15:16 of 3rd period - Minor Penalty to Spencer Machacek for Holding.
15:17 of 3rd period - Zack Hamill wins face-off versus Tyler Kennedy in Saguenéens zone.
15:50 of 3rd period - Slapshot by Jared Spurgeon.
15:50 of 3rd period - Stopped by Mike Smith without a rebound.
15:51 of 3rd period - Artemi Panarin wins face-off versus Joe Colborne in Saguenéens zone.
16:02 of 3rd period - Slapshot by Jared Spurgeon.
16:02 of 3rd period - Stopped by Mike Smith with a rebound.
16:04 of 3rd period - Slapshot by Jared Spurgeon.
16:04 of 3rd period - Stopped by Mike Smith without a rebound.
16:05 of 3rd period - Tyler Kennedy wins face-off versus Zack Hamill in Saguenéens zone.
17:16 of 3rd period - Penalty to Spencer Machacek is over, Spencer Machacek is back on ice.
17:54 of 3rd period - Snap shot by Artemi Panarin.
17:54 of 3rd period - Goal by Artemi Panarin - Saguenéens : 7 - Knights : 3.
17:55 of 3rd period - Craig Cunningham wins face-off versus Zack Hamill in neutral zone.
18:13 of 3rd period - Minor Penalty to Nikita Nikitin for High sticking.
18:14 of 3rd period - Craig Cunningham wins face-off versus Craig Adams in Knights zone.
18:15 of 3rd period - Wrist shot by Tyler Kennedy.
18:15 of 3rd period - Stopped by Ben Scrivens with a rebound.
18:35 of 3rd period - Double Minor Penalty to Mason Raymond for Charging.
18:36 of 3rd period - Tyler Kennedy wins face-off versus Craig Adams in Saguenéens zone.
Goals for this period are 3 for Saguenéens vs 1 for Knights.
Shots for this period are 10 for Saguenéens vs 19 for Knights.